 Dungeon Crawl Stone Soup version 0.29.1-12-g30fa7ad0bf (webtiles) character file.

Game seed: 16175910756472427214

1923 Radix the Cleaver (level 9, -1/63 HPs)
             Began as a Human Cinder Acolyte on Dec 28, 2022.
             Was an Initiate of Ignis.
             Slain by a gnoll
             ... wielding a +2 flail of protection
             ... led by a gnoll bouda
              (6 damage)
             ... on level 7 of the Dungeon.
             The game lasted 00:26:26 (6708 turns).

Radix the Cleaver (Human Cinder Acolyte)            Turns: 6708, Time: 00:26:30

Health: -1/63      AC:  9    Str: 15    XL:     9   Next: 39%
Magic:  10/10      EV:  6    Int: 19    God:    Ignis [......]
Gold:   703        SH:  5    Dex: 14    Spells: 10/10 levels left

rFire   + . .      SeeInvis .   a - -1 hand axe (flame)
rCold   . . .      Faith    .   (no shield)
rNeg    . . .      Spirit   .   l - +0 chain mail
rPois   .          Reflect  +   k - +0 helmet
rElec   .          Harm     .   (no cloak)
rCorr   .          Rampage  .   (no gloves)
Will    +....                   (no boots)
Stlth   ..........              x - amulet of reflection
HPRegen 0.20/turn               g - +6 ring of dexterity
MPRegen 0.12/turn               r - ring of willpower

@: about to teleport
A: no striking features
a: Renounce Religion


You were on level 7 of the Dungeon.
You worshipped Ignis.
Ignis was noncommittal.
You visited 1 branch of the dungeon, and saw 7 of its levels.

You collected 703 gold pieces.

Inventory:

Hand Weapons
 a - a -1 hand axe of flaming (weapon)
Missiles
 t - a throwing net
 y - 4 curare-tipped darts
 A - 7 poisoned darts
Armour
 b - a +0 robe
 f - a +0 hat
 k - a +0 helmet (worn)
 l - a +0 chain mail (worn)
Magical Staves
 B - a staff of fire
Jewellery
 g - a +6 ring of dexterity (left hand)
 r - a ring of willpower (right hand)
 x - an amulet of reflection (around neck)
 C - a ring of fire
 F - a ring of wizardry
Wands
 h - a wand of polymorph (9)
 j - a wand of flame (4) (quivered)
 D - a wand of digging (5)
 E - a wand of charming (10)
Scrolls
 c - 4 scrolls of identify {unknown}
 d - 3 scrolls of torment {unknown}
 i - 6 scrolls of teleportation
 m - 6 scrolls of amnesia {unknown}
 n - a scroll of immolation {unknown}
 o - a scroll of brand weapon {unknown}
 q - a scroll of magic mapping {unknown}
 u - a scroll of fear {unknown}
 G - a scroll of enchant armour {unknown}
Potions
 e - a potion of flight
 p - a potion of heal wounds
 s - a potion of lignification {unknown}
 v - a potion of cancellation {unknown}
 w - a potion of degeneration {unknown}
 z - a potion of curing {unknown}


   Skills:
 - Level 3.0 Fighting
 + Level 12.0 Axes
 - Level 1.0 Spellcasting
 - Level 3.0 Fire Magic


You had 10 spell levels left.
You didn't know any spells.
Your spell library contained the following spells:

 Spells                   Type           Power      Damage    Failure   Level
 Scorch                   Fire           24%        2d6       91%         2
 Freeze                   Ice            0%         1d3       99%         1
 Summon Small Mammal      Summ           0%         N/A       99%         1
 Blink                    Tloc           0%         N/A       100%        2
 Ensorcelled Hibernation  Hex/Ice        0%         N/A       100%        2
 Passwall                 Tmut/Erth      0%         N/A       100%        2
 Call Canine Familiar     Summ           0%         N/A       100%        3
 Frozen Ramparts          Ice            0%         1d1       100%        3
 Lesser Beckoning         Tloc           0%         N/A       100%        3
 Ozocubu's Armour         Ice            0%         N/A       100%        3
 Summon Guardian Golem    Hex/Summ       0%         N/A       100%        3
 Swiftness                Air            0%         N/A       100%        3
 Hailstorm                Conj/Ice       0%         3d3       100%        4
 Manifold Assault         Tloc           0%         N/A       100%        5
 Ozocubu's Refrigeration  Ice            0%         4d7       100%        7


Dungeon Overview and Level Annotations

Branches:
Dungeon (7/15)
 Temple: D:4-7

Altars:
Gozag
Uskayaw
Wu Jian

Annotations:
D:5 2 transporters, Barsook's ghost, novice DsFi; Sigmund


Message History

You hit the gnoll. You burn the gnoll.
The gnoll is almost dead.
The gnoll hits you from afar with a +0 spear.
You hit the gnoll bouda but do no damage.
The gnoll is no longer moving quickly.
The gnoll hits you from afar with a +0 spear.
You hit the gnoll bouda. You burn the gnoll bouda.
The gnoll bouda is lightly wounded.
You hit the gnoll bouda. You burn the gnoll bouda.
The gnoll bouda is heavily wounded.
The gnoll is no longer moving quickly.
The gnoll bouda hits you but does no damage.
You block the gnoll's attack.
You closely miss the gnoll bouda.
The gnoll bouda is heavily wounded.
The gnoll hits you from afar with a +0 spear.
You hit the gnoll bouda but do no damage.
The gnoll bouda is heavily wounded.
You hit the gnoll but do no damage.
The gnoll bouda hits you with a +0 club.
You closely miss the gnoll bouda.
The gnoll bouda is heavily wounded.
You closely miss the gnoll. The gnoll barely misses you.
The gnoll hits you from afar with a +0 spear. x2
* * * LOW HITPOINT WARNING * * *
You hit the gnoll bouda but do no damage.
The gnoll bouda is heavily wounded.
You hit the gnoll but do no damage.
The gnoll is no longer moving quickly.
The gnoll bouda hits you with a +0 club.
* * * LOW HITPOINT WARNING * * *
The gnoll barely misses you. The gnoll completely misses you.
The gnoll hits you from afar with a +0 spear!
* * * LOW HITPOINT WARNING * * *
As you read the scroll labelled SEPSAG RIKIODE, it crumbles to dust.
You feel strangely unstable.
It was a scroll of teleportation.
The gnoll bouda barks out a call to the hunt!
The gnolls pick up the pace!
The gnoll hits you but does no damage.
The gnoll hits you with a +2 flail of protection.
You die...

#............
#............ ...#
#...<........ ...#
#............ ...#
#............ ...####
#.....########.......
#.....'......#.......
+.....#.....g#g......
#.....#.....@gg......
#.....#....###g......
#......####+# ...####
#......# g..#
#......# ..⌠..
#...... ......
>...⌠.. .......


You could see a gnoll bouda and 4 gnolls.

Vanquished Creatures
  Eustachio (D:4)
  A steam dragon (D:7)
  The ghost of wormed the Conjurer, an amateur DrCj (D:4)
  Menkaure (D:5)
  An ice beast (D:5)
  A centaur (D:4)
  A phantom (D:6)
  2 bullfrogs
  3 scorpions
  A howler monkey (D:4)
  3 hounds
  2 jellies
  4 orc priests
  A gnoll bouda (D:4)
  Natasha (D:2)
  6 iguanas
  An orc wizard (D:5)
  Robin (D:2)
  11 adders
  4 gnolls (D:4)
  An ufetubus (D:6)
  3 worms
  2 dart slugs
  28 orcs
  6 ball pythons
  10 endoplasms
  7 giant cockroaches
  18 goblins
  4 hobgoblins
  11 jackals
  3 quokkas
  7 bats
  7 frilled lizards
  14 kobolds
  5 rats
  A bush (D:3)
174 creatures vanquished.

Vanquished Creatures (others)
  8 plants (D:3)
8 creatures vanquished.

Grand Total: 182 creatures vanquished

Notes
Turn   | Place    | Note
-------+----------+-------------------------------------------
     0 | D:1      | Radix the Human Cinder Acolyte began the quest for the Orb.
     0 | D:1      | Reached XP level 1. HP: 18/18 MP: 2/2
   416 | D:1      | Reached XP level 2. HP: 21/24 MP: 3/3
   551 | D:1      | Found a faded altar of an unknown god.
   792 | D:1      | Reached skill level 4 in Axes
   792 | D:1      | Reached XP level 3. HP: 27/29 MP: 4/4
  1076 | D:2      | Reached XP level 4. HP: 23/35 MP: 5/5
  1209 | D:2      | Noticed Natasha
  1218 | D:2      | Killed Natasha
  1219 | D:2      | Reached skill level 5 in Axes
  1245 | D:2      | Reached XP level 5. HP: 38/41 MP: 6/6
  1252 | D:2      | Noticed Robin
  1256 | D:2      | Killed Robin
  1804 | D:3      | Found an ornate altar of the Wu Jian Council.
  1924 | D:3      | Reached skill level 6 in Axes
  1944 | D:3      | Found an opulent altar of Gozag.
  2656 | D:4      | Found a hide-covered altar of Uskayaw.
  2735 | D:4      | Reached XP level 6. HP: 43/47 MP: 7/7
  2811 | D:4      | Reached skill level 7 in Axes
  2920 | D:4      | Reached XP level 7. HP: 38/52 MP: 8/8
  3214 | D:4      | Reached skill level 8 in Axes
  3373 | D:4      | Found a runed translucent door.
  3373 | D:4      | Noticed wormed's ghost (amateur DrCj)
  3394 | D:4      | Killed wormed's ghost
  3512 | D:4      | Noticed Eustachio
  3560 | D:4      | Killed Eustachio
  3561 | D:4      | Reached skill level 9 in Axes
  3561 | D:4      | Reached XP level 8. HP: 51/58 MP: 9/9
  4250 | D:5      | Entered Level 5 of the Dungeon
  4547 | D:5      | Noticed Menkaure
  4552 | D:5      | Reached skill level 10 in Axes
  4557 | D:5      | Killed Menkaure
  4722 | D:5      | Found a transporter.
  4722 | D:5      | Noticed Barsook's ghost (novice DsFi)
  4725 | D:5      | Found a transporter.
  4988 | D:5      | Noticed Sigmund
  5508 | D:5      | Reached XP level 9. HP: 58/63 MP: 10/10
  5837 | D:6      | Reached skill level 11 in Axes
  6699 | D:7      | Reached skill level 12 in Axes
  6708 | D:7      | Slain by a gnoll

Illustrated notes

Levels and vault maps discovered:
D:1:      dreamdust_arrival_sigmund_warning, layout_basic,
          shapermc_ecumenical_altar_petra, minmay_statues_item
D:2:      layout_rooms, uniq_natasha, uniq_robin
D:3:      layout_basic, grunt_gozag_statues, nzn_wu_jian_council_hall,
          lexackson_kobold_supper
D:4:      minmay_polygon_palace, layout_loops_ring, overflow_temple_1_default,
          gammafunk_ghost_grave, minmay_increasing_density, uniq_eustachio
D:5:      layout_gridville, gammafunk_ghost_mausoleum, minmay_misc_feat_chi,
          uniq_menkaure, uniq_sigmund
D:6:      layout_gridville
D:7:      layout_gridville, temple_statues, grunt_ministairs_2

Skill      XL: |  1  2  3  4  5  6  7  8  9 |
---------------+----------------------------+-----
Axes           | 4 5 6 7 9 10 12 | 12.0
Fighting       | |  3.0
Spellcasting   | |  1.0
Fire Magic     | |  3.0

Action                   |  1- 3 |  4- 6 |  7- 9 || total
-------------------------+-------+-------+-------++-------
Melee: Hand axe          |    61 |   297 |   357 ||   715
       Punch             |     1 |     7 |     8 ||    16
Invok: Fiery Armour      |     3 |     6 |     4 ||    13
       Rising Flame      |       |       |     1 ||     1
Evoke: Wand              |       |       |    14 ||    14
  Use: Potion            |       |       |     2 ||     2
       Scroll            |       |       |     1 ||     1
 Stab: Sleeping          |     2 |       |       ||     2
Armor: Robe              |    15 |    23 |       ||    38
       Chain mail        |       |    78 |   161 ||   239
Dodge: Dodged            |    44 |    61 |   101 ||   206
Block: Other             |       |       |    47 ||    47
